 Dungeon Crawl Stone Soup version 0.28.0 (webtiles) character file.

Game seed: 3982543788637439049

1010 pkoi the Cleaver (level 8, 0/100 HPs)
             Began as a Minotaur Gladiator on Feb 16, 2022.
             Was an Initiate of Qazlal.
             Succumbed to a kobold's poison
             ... on level 4 of the Dungeon.
             The game lasted 00:04:19 (3566 turns).

pkoi the Cleaver (Minotaur Gladiator)               Turns: 3566, Time: 00:04:19

Health: 0/100      AC: 24    Str: 21    XL:     8   Next: 1%
Magic:  9/9        EV:  2    Int:  5    God:    Qazlal [......]
Gold:   180        SH:  0    Dex: 12    Spells: 7/7 levels left

rFire   . . .      SeeInvis .   i - +9 hand axe "Apnaug" {vorpal, Will+}
rCold   . . .      Faith    .   (no shield)
rNeg    . . .      Spirit   .   (armour currently unavailable)
rPois   +          Reflect  .   (helmet currently unavailable)
rElec   .          Harm     .   (cloak currently unavailable)
rCorr   .          Rampage  .   (gloves currently unavailable)
Will    +....      NoTele   +   (boots currently unavailable)
Stlth   +.........              (no amulet)
HPRegen 0.26/turn               (no ring)
MPRegen 0.11/turn               (no ring)

@: lethally poisoned (0 -> -1), tree-form
A: stationary, stasis, torment immunity, boosted hp, (horns 2), (retaliatory
headbutt)
a: Renounce Religion


You were on level 4 of the Dungeon.
You worshipped Qazlal.
Qazlal was noncommittal.
You were a tree.
You visited 1 branch of the dungeon, and saw 4 of its levels.

You collected 180 gold pieces.

Inventory:

Hand Weapons
 a - a +0 war axe
 i - the +9 hand axe "Apnaug" (weapon) {vorpal, Will+}
   (You found it on level 3 of the Dungeon)

   It inflicts extra damage upon your enemies.
   Will:      It increases your willpower.
Missiles
 d - 3 throwing nets (quivered)
 h - 6 poisoned darts
Armour
 b - a +0 leather armour (melded)
 c - a +0 hat (melded)
Jewellery
 j - an amulet of faith
Scrolls
 e - 2 scrolls of identify


   Skills:
 + Level 4.6 Fighting
 * Level 9.1 Axes
 - Level 2.0 Throwing
 + Level 3.5 Armour
 - Level 3.2 Dodging
 * Level 3.6 Invocations


You had 7 spell levels left.
You didn't know any spells.
Your spell library contained the following spells:

 Spells                   Type           Power      Damage    Failure   Level
 Foxfire                  Conj/Fire      0%         2x1d4     47%         1
 Call Canine Familiar     Summ           0%         N/A       85%         3
 Conjure Flame            Conj/Fire      0%         6-21      85%         3
 Inner Flame              Hex/Fire       0%         N/A       85%         3
 Portal Projectile        Hex/Tloc       0%         N/A       85%         3
 Flame Wave               Conj/Fire      0%         2d4       99%         4
 Leda's Liquefaction      Hex/Erth       0%         N/A       99%         4
 Lee's Rapid Deconstruct  Erth           0%         3d5*      100%        5
 Statue Form              Tmut/Erth      0%         N/A       100%        6


Dungeon Overview and Level Annotations

Branches:
Dungeon (4/15)
 Temple: D:4-7

Altars:
Qazlal
Yredelemnul

Shops:
D:3 (


Innate Abilities, Weirdness & Mutations

You are a tree.
Your roots penetrate the ground, keeping you stationary.
You cannot be teleported.
You are immune to unholy pain and torment.
Your maximum health is greatly increased.
Your equipment is partially melded.
((You have a pair of horns on your head.))
((You reflexively headbutt those who attack you in melee.))


Message History

* * * LOW HITPOINT WARNING * * *
Unknown command.
You slash the ogre!
The ogre is heavily wounded.
You feel sick.
Unknown command.
You barely miss the ogre.
The ogre is heavily wounded.
You hit the scorpion.
You feel sick.
The ogre hits you with a +0 giant spiked club!!
* * * LOW HITPOINT WARNING * * *
The scorpion stings you but does no damage.
Unknown command.
Unknown command.
You barely miss the scorpion.
The scorpion is moderately wounded.
You hit the ogre.
* * * LOW HITPOINT WARNING * * *
You feel sick.
The scorpion stings you but does no damage.
The ogre hits you but does no damage.
Unknown command.
You aren't carrying any potions.
As you read the scroll labelled DIRADI IPPE, it crumbles to dust.
You assume a fearsome visage.
The orc warrior looks frightened!
The ogre looks frightened!
The hound skeleton is unaffected.
The wight is unaffected.
The scorpion looks frightened!
It was a scroll of fear.
* * * LOW HITPOINT WARNING * * *
You feel sick.
You aren't carrying any potions.
Okay, then.
You hit the ogre.
Your attack snaps the ogre out of its fear.
The ogre is almost dead.
Unknown command.
You slash the ogre!
You kill the ogre!
Qazlal accepts your kill.
You die...

#.### ...# ...#
#######..# ......#..#
zo.y..'..# . #(.# ...
##.o#####.....
#..Zz)♣)..s...
#...#####..... ##.####
... #..#..# . ##..#..#
.#+#...#..#
...........#
##.........### ###.
#########.#....###....


You could see an orc warrior (fleeing), a scorpion (fleeing), a wight and a
hound skeleton.

Vanquished Creatures
  Pikel (D:3)
  A hornet (D:4)
  An ogre (D:4)
  A phantom (D:4)
  A scorpion (D:4)
  2 iguanas (D:4)
  Natasha (thrice) (D:3)
  An adder (D:3)
  2 worms
  A dart slug (D:1)
  11 orcs
  6 ball pythons
  7 bats
  2 endoplasms
  4 giant cockroaches
  10 hobgoblins
  5 kobolds
  9 quokkas
  3 frilled lizards
  5 goblins
  7 rats
83 creatures vanquished.

Vanquished Creatures (collateral kills)
  A hobgoblin (D:4)
1 creature vanquished.

Grand Total: 84 creatures vanquished

Notes
Turn   | Place    | Note
-------+----------+-------------------------------------------
     0 | D:1      | pkoi the Minotaur Gladiator began the quest for the Orb.
     0 | D:1      | Reached XP level 1. HP: 18/18 MP: 0/0
    91 | D:1      | Reached skill level 4 in Axes
   118 | D:1      | Reached XP level 2. HP: 23/25 MP: 1/1
   363 | D:1      | Found a faded altar of an unknown god.
   638 | D:1      | Reached skill level 5 in Axes
   777 | D:2      | Reached XP level 3. HP: 30/30 MP: 2/2
  1700 | D:3      | Noticed Natasha
  1726 | D:3      | Killed Natasha
  1727 | D:3      | Reached skill level 6 in Axes
  1727 | D:3      | Reached XP level 4. HP: 16/37 MP: 3/3
  1764 | D:3      | Noticed Natasha
  1771 | D:3      | Killed Natasha
  2074 | D:3      | Found Raob's Weapon Emporium.
  2104 | D:3      | Identified the +9 hand axe "Apnaug" {vorpal, Will+}
  2622 | D:3      | Found a basalt altar of Yredelemnul.
  2656 | D:3      | You fall into a shaft and drop 1 floor!
  2673 | D:4      | Reached skill level 7 in Axes
  2673 | D:4      | Reached XP level 5. HP: 41/42 MP: 4/4
  2789 | D:4      | Reached skill level 1 in Armour
  2850 | D:4      | Found a stormy altar of Qazlal.
  2896 | D:4      | Noticed a phantom
  2907 | D:4      | Killed a phantom
  2908 | D:4      | Reached XP level 6. HP: 31/51 MP: 5/5
  3064 | D:4      | Became a worshipper of Qazlal Stormbringer
  3165 | D:4      | Noticed Pikel
  3174 | D:3      | Noticed Natasha
  3177 | D:3      | Killed Pikel
  3178 | D:3      | Reached skill level 8 in Axes
  3178 | D:3      | Reached XP level 7. HP: 15/59 MP: 5/8
  3179 | D:3      | Killed Natasha
  3547 | D:4      | Noticed a hornet
  3559 | D:4      | Killed a hornet
  3560 | D:4      | Reached skill level 9 in Axes
  3560 | D:4      | Reached XP level 8. HP: 43/67 MP: 9/9
  3562 | D:4      | HP: 3/100 [ogre (18)]
  3564 | D:4      | HP: 1/100 [poisoned by a kobold]
  3566 | D:4      | Succumbed to a kobold's poison

Illustrated notes

Levels and vault maps discovered:
D:1:      lightli_arrival_statue_moat, layout_basic,
          shapermc_ecumenical_altar_pompeii, minmay_tree_intersection
D:2:      layout_rooms
D:3:      layout_basic, marbit_many_paths, grunt_temple_overflow_octagram,
          serial_shops, nicolae_lakefront_shop,
          nicolae_shop_bloodbath_and_beyond, portal_sewer_entry_d, uniq_sigmund,
          uniq_natasha
D:4:      layout_rooms, nicolae_qazlal_eye_of_the_storm, minmay_divided_ellipse,
          uniq_pikel

Skill      XL: |  1  2  3  4  5  6  7 |
---------------+----------------------+-----
Axes           | 4 5 6 7 8 9 |  9.1
Armour         | 1 3 |  3.5
Fighting       | 3 4 |  4.6
Invocations    | 2 3 |  3.6
Throwing       | |  2.0
Dodging        | |  3.2

Action                   |  1- 3 |  4- 6 |  7- 9 || total
-------------------------+-------+-------+-------++-------
Melee: War axe           |    74 |     9 |       ||    83
       Headbutt          |     9 |    11 |     2 ||    22
       Punch             |     1 |     1 |     1 ||     3
       Hand axe          |       |    48 |    16 ||    64
  Use: Scroll            |     3 |     1 |     1 ||     5
       Potion            |     1 |       |     1 ||     2
Armor: Leather armour    |    18 |     6 |       ||    24
       Skin              |       |       |    10 ||    10
Dodge: Dodged            |    64 |    22 |     4 ||    90
